 Dungeon Crawl Stone Soup version 0.29.1-15-g9cfb28693d (webtiles) character file.

Game seed: 10530276917435298069

413 hawla the Firebug (level 7, 0/52 HPs)
             Began as a Meteoran Fire Elementalist on Mar 21, 2023.
             Was an Initiate of Vehumet.
             Slain by an ice beast (14 damage)
             ... on level 5 of the Dungeon.
             The game lasted 00:05:11 (900 turns).

hawla the Firebug (Meteoran Fire Elementalist)       Turns: 900, Time: 00:05:12

Health: 0/52       AC:  3    Str: 10    XL:     7   Next: 37%
Magic:  0/15       EV: 13    Int: 19    God:    Vehumet [......]
Gold:   78         SH:  0    Dex: 14    Spells: 9/16 levels left

rFire   . . .      SeeInvis .   l - +0 morningstar (pain)
rCold   . . .      Faith    .   (no shield)
rNeg    . . .      Spirit   .   a - +0 robe
rPois   .          Reflect  .   (no helmet)
rElec   .          Harm     .   g - +0 cloak
rCorr   .          Rampage  .   (no gloves)
Will    .....                   (no boots)
Stlth   +.........              (no amulet)
HPRegen 0.17/turn               (no ring)
MPRegen 0.14/turn               (no ring)

@: very slightly contaminated, glowing
A: sense surroundings 1, otherworldly, glowing, explore regen
a: Renounce Religion


You were on level 5 of the Dungeon.
You worshipped Vehumet.
Vehumet was noncommittal.
You visited 2 branches of the dungeon, and saw 6 of its levels.

You collected 78 gold pieces.

Inventory:

Hand Weapons
 l - a +0 morningstar of pain (weapon)
Armour
 a - a +0 robe (worn)
 g - a +0 cloak (worn)
Scrolls
 c - a scroll of poison {unknown}
 d - 3 scrolls of identify
 e - a scroll of fear
 j - a scroll of teleportation {unknown}
Potions
 b - a potion of haste
 f - 3 potions of might {unknown}
 h - 2 potions of brilliance {unknown}
 i - a potion of curing {unknown}
 k - a potion of lignification {unknown}
 m - a potion of attraction {unknown}


   Skills:
 - Level 1.2 Fighting
 - Level 3.4 Dodging
 - Level 1.4 Stealth
 - Level 5.0 Spellcasting
 + Level 2.5 Conjurations
 - Level 3.0 Necromancy
 - Level 5.9 Fire Magic


You had 9 spell levels left.
You knew the following spells:

 Your Spells              Type           Power      Damage    Failure   Level
a - Foxfire               Conj/Fire      80%        2x1d8     2%          1
b - Scorch                Fire           54%        2d8       1%          2
c - Flame Wave            Conj/Fire      20%        2d7       22%         4

Your spell library contained the following spells:

 Spells                   Type           Power      Damage    Failure   Level
 Conjure Flame            Conj/Fire      20%        6-21      6%          3
 Inner Flame              Hex/Fire       16%        N/A       11%         3


Dungeon Overview and Level Annotations

Branches:
Dungeon (5/15) Zot: 2148   Temple (1/1) D:4 Zot: 552

Altars:
Ashenzari
Elyvilon
Makhleb
Nemelex Xobeh
Okawaru
Qazlal
Ru
Vehumet
Wu Jian
Xom
Yredelemnul
Zin
The Shining One

Annotations:
Temple 2 transporters


Innate Abilities, Weirdness & Mutations

You passively map a small area around you.
You are easily found by Zot.
You glow in the dark.
You regain HP and MP as you explore.


Message History

Memorise Flame Wave, consuming 4 spell levels and leaving 9?
You start memorising the spell.
You continue memorising. x4
You finish memorising.
Spell assigned to 'c'.
Your magical contamination has completely faded away.
An ice beast is nearby!
Casting: Scorch (safe; 1% risk of failure)
Confirm with . or Enter, or press ? or * to list all spells.
Flames lash the ice beast.
The ice beast melts!
The ice beast is moderately wounded.
The ice beast's fire resistance burns away.
The ice beast hits you but does no damage.
Casting: Scorch (safe; 1% risk of failure)
Confirm with . or Enter, or press ? or * to list all spells.
The spell is quite dangerous to miscast (22% risk of failure)!
Continue anyway?
Casting: Flame Wave (quite dangerous; 22% risk of failure)
Press: ? - help, Dir - look around, f - activate You miscast Flame Wave.
You are very lightly contaminated with residual magic.
Nothing appears to happen.
The gnoll hits you from afar with a +0 spear.
The ice beast hits you. The ice beast freezes you!
Casting: Flame Wave (quite dangerous; 22% risk of failure)
Confirm with . or Enter, or press ? or * to list all spells.
The spell is quite dangerous to miscast (22% risk of failure)!
Continue anyway?
Casting: Flame Wave (quite dangerous; 22% risk of failure)
Press: ? - help, Dir - look around, f - activate A wave of flame ripples out!
The flame wave engulfs the ice beast.
The ice beast is moderately wounded. (Press . to intensify the flame waves.)
The ice beast misses you.
The gnoll hits you from afar with a +0 spear.
A wave of flame ripples out!
The flame wave engulfs the ice beast!
The ice beast melts!
The ice beast is almost dead.
The flame wave engulfs the gnoll!
The gnoll is heavily wounded.
The ice beast hits you.
* * * LOW HITPOINT WARNING * * *
The ice beast freezes you!
You die...

###
#.#
#.#
#.#
#.#
#.#
#.#
#@#
#Y#
#g##
#..#
#..#
#..#
#..#
#..#
#..#


You could see an ice beast (combustible) and a gnoll.

Vanquished Creatures
  Edmund (D:5)
  A water moccasin (D:4)
  An ogre (D:4)
  A hound (Temple)
  4 adders
  A white imp (D:4)
  2 ufetubi
  A worm (D:2)
  A dart slug (D:4)
  3 orcs (D:4)
  An endoplasm (D:1)
  6 giant cockroaches
  2 goblins
  2 kobolds (D:4)
  A rat (D:1)
28 creatures vanquished.

Vanquished Creatures (others)
  68 foxfires
68 creatures vanquished.

Grand Total: 96 creatures vanquished

Notes
Turn   | Place    | Note
-------+----------+-------------------------------------------
     0 | D:1      | hawla the Meteoran Fire Elementalist began the quest for
                  | the Orb.
     0 | D:1      | Reached XP level 1. HP: 14/14 MP: 5/5
    88 | D:2      | Reached XP level 2. HP: 13/20 MP: 2/7
    91 | D:2      | Learned a level 2 spell: Scorch
   160 | D:2      | Reached XP level 3. HP: 26/26 MP: 1/8
   277 | D:4      | Found a staircase to the Ecumenical Temple.
   299 | Temple   | Entered the Ecumenical Temple
   299 | Temple   | Found a transporter.
   299 | Temple   | Found a transporter.
   305 | Temple   | Reached XP level 4. HP: 15/34 MP: 8/10
   306 | Temple   | Found a transporter.
   306 | Temple   | Found a transporter.
   333 | Temple   | Became a worshipper of Vehumet
   420 | D:4      | Noticed a water moccasin
   420 | D:4      | Noticed an ogre
   423 | D:4      | Killed a water moccasin
   424 | D:4      | Reached skill level 1 in Fighting
   424 | D:4      | Reached skill level 5 in Fire Magic
   424 | D:4      | Reached XP level 5. HP: 33/40 MP: 5/12
   424 | D:4      | Reached XP level 6. HP: 39/47 MP: 5/13
   428 | D:4      | Killed an ogre
   555 | D:4      | Reached skill level 5 in Spellcasting
   791 | D:5      | Entered Level 5 of the Dungeon
   791 | D:5      | Noticed Edmund
   798 | D:5      | Killed Edmund
   799 | D:5      | Reached XP level 7. HP: 46/52 MP: 1/15
   891 | D:5      | Learned a level 4 spell: Flame Wave
   900 | D:5      | Slain by an ice beast

Illustrated notes

Levels and vault maps discovered:
D:1:      minmay_arrival_shattered_statue, layout_basic, serial_shops, shop,
          minmay_tree_intersection
D:2:      layout_basic, kennysheep_cluttered_room, nicolae_figureground_sparkle,
          uniq_robin, uniq_natasha
D:3:      layout_basic, slow_altar_2, nicolae_ecumenical_oubliette,
          uniq_terence, uniq_jessica
D:4:      kennysheep_spiral_hall, layout_cave_pools, minmay_temple_entry_waves
D:5:      layout_cave_pods, uniq_edmund
Temple:   hellmonk_temple_divided_pantheon

Skill      XL: |  1  2  3  4  5  6  7 |
---------------+----------------------+-----
Spellcasting   | 3 4 5 |  5.0
Fire Magic     | 4 5 |  5.9
Dodging        | 3 |  3.4
Fighting       | 1 |  1.2
Conjurations   | 2 |  2.5
Necromancy     | 2 3 |  3.0
Stealth        | |  1.4

Action                   |  1- 3 |  4- 6 |  7- 9 || total
-------------------------+-------+-------+-------++-------
Melee: Unarmed           |     9 |     2 |       ||    11
 Cast: Foxfire           |    20 |    20 |     1 ||    41
       Scorch            |     7 |    11 |     3 ||    21
       Flame Wave        |       |       |     1 ||     1
  Use: Potion            |     1 |       |       ||     1
       Scroll            |       |       |     2 ||     2
Armor: Robe              |     8 |     1 |    12 ||    21
Dodge: Dodged            |    13 |     5 |    30 ||    48
